 Dungeon Crawl Stone Soup version 0.23.2-1-ga50397a6bc (webtiles) character file.

Game seed: 90024529752895212

926 Mrkan the Cudgeler (level 7, -7/71 HPs)
             Began as a Troll Monk on May 18, 2019.
             Was a Priest of Ru.
             Killed by divine providence
             ... invoked by an orc priest
              (10 damage)
             ... on level 5 of the Dungeon.
             The game lasted 00:07:44 (3522 turns).

Mrkan the Cudgeler (Troll Monk)                     Turns: 3522, Time: 00:07:44

Health: -7/71      AC:  6    Str: 22    XL:     7   Next: 85%
Magic:  6/6        EV: 10    Int:  6    God:    Ru [***...]
Gold:   194        SH:  0    Dex: 12    Spells: 6/6 levels left

rFire    . . .     SeeInvis .   a - +0 mace
rCold    . . .     Gourm    +   (shield unavailable)
rNeg     . . .     Faith    .   b - +0 robe
rPois    .         Spirit   .   (helmet restricted)
rElec    .         Reflect  .   (no cloak)
rCorr    .         Harm     .   (gloves unavailable)
MR       .....                  (boots unavailable)
Stlth    +.........             (no amulet)
HPRegen  0.61/turn              (ring unavailable)
MPRegen  0.10/turn              (no ring)

@: lethally poisoned (-7 -> -40), exhausted, lightly drained
A: large, unfitting armour, claws 3, fast metabolism 3, gourmand, regeneration
1, shaggy fur 1, tough skin 3, missing a hand
a: Draw Out Power, Renounce Religion


You were on level 5 of the Dungeon.
You worshipped Ru.
Ru was most pleased with you.
You were not hungry.

You visited 1 branch of the dungeon, and saw 5 of its levels.

You collected 194 gold pieces.

Inventory:

Hand Weapons
 a - a +0 mace (weapon)
 l - a +0 mace of holy wrath
Armour
 b - a +0 robe (worn)
 h - a +0 cloak
 i - a scarf of spirit shield
 p - a +0 robe of cold resistance
Jewellery
 f - an uncursed ring of ice {unknown}
Wands
 s - a wand of random effects (11)
 t - a wand of iceblast (6)
Scrolls
 d - 2 scrolls of magic mapping {unknown}
 g - a scroll of fear {unknown}
 j - a scroll of teleportation {unknown}
 k - 2 scrolls of identify {unknown}
 m - 2 scrolls of immolation {unknown}
 n - 4 scrolls of blinking {unknown}
 o - 2 scrolls of random uselessness {unknown}
 q - 2 scrolls of amnesia {unknown}
 w - 2 scrolls of remove curse {unknown}
Potions
 e - 2 potions of agility {unknown}
 r - a potion of might {unknown}
 u - a potion of cancellation {unknown}
 v - a potion of resistance {unknown}
Comestibles
 c - 5 rations


   Skills:
 + Level 4.9(4.6) Fighting
 * Level 7.3(6.9) Maces & Flails
 - Level 2.4(2.0) Dodging
 - Level 1.0(0.7) Stealth


You had 6 spell levels left.
You didn't know any spells.
Your spell library was empty.

Dungeon Overview and Level Annotations

Branches:
Dungeon (5/15)
 Temple: D:4-7

Altars:
Hepliaklqana
Nemelex Xobeh
Qazlal
Ru
Vehumet

Shops:
D:5 =


Innate Abilities, Weirdness & Mutations

You are too large for most types of armour.
You have claws for hands.
Your metabolism is lightning-fast.
You like to eat raw meat.
Your natural rate of healing is unusually fast.
You are covered in fur. (AC +1)
You have extremely tough skin. (AC +3)
You are missing a hand.


Message History

You closely miss the orc.
The orc is severely wounded.
* * * LOW HITPOINT WARNING * * *
You feel very sick.
The orc priest casts a cantrip, but nothing happens.
The orc misses you.
You closely miss the orc.
The orc is severely wounded.
* * * LOW HITPOINT WARNING * * *
You feel very sick. The orc hits you but does no damage.
You are more poisoned.
The orc priest calls upon Beogh to heal the orc.
The orc's wounds heal themselves!
You closely miss the orc.
* * * LOW HITPOINT WARNING * * *
You feel very sick.
The orc priest mumbles some strange prayers to Beogh against you.
Beogh smites you!
You die...

#... .........<# #######
###...#####........# #.....#
..........#......#.###.....#
...........................#
....o.....#.#..###.###.....#
#..o......o.......# #.....#
#..(..####o#......# #######
#..... #o##..#.## #.....
#@###.#.########## #.....
#.###.#........... ###?##
#......(.####.#### ..
####...#.####.# ...
#..........# #...#.####.#
#####......# ########


You could see 2 orc priests and an orc.

Vanquished Creatures
  Sigmund (D:2)
  Eustachio (D:4)
  2 sky beasts (D:5)
  2 scorpions (D:4)
  A hound (D:5)
  An orc wizard (D:4)
  Crazy Yiuf (D:2)
  Jessica (D:2)
  A bullfrog skeleton (D:4)
  Natasha (D:4)
  2 worker ants (D:4)
  A hound zombie (D:5)
  6 adders
  2 adder skeletons (D:4)
  A worm (D:2)
  6 leopard geckos
  10 orcs
  2 ball pythons
  2 bats
  5 giant cockroaches
  6 goblins
  4 hobgoblins
  A quokka (D:2)
  3 frilled lizards
  10 kobolds
  4 rats
77 creatures vanquished.

Notes
Turn   | Place    | Note
-------+----------+-------------------------------------------
     0 | D:1      | Mrkan the Troll Monk began the quest for the Orb.
     0 | D:1      | Reached XP level 1. HP: 22/22 MP: 0/0
   433 | D:1      | Reached skill level 3 in Maces & Flails
   512 | D:1      | Reached XP level 2. HP: 28/29 MP: 1/1
   985 | D:2      | Noticed Jessica
  1004 | D:2      | Killed Jessica
  1004 | D:2      | Reached XP level 3. HP: 15/36 MP: 2/2
  1121 | D:2      | Reached skill level 4 in Maces & Flails
  1121 | D:2      | Reached XP level 4. HP: 43/45 MP: 3/3
  1171 | D:2      | Noticed Sigmund
  1272 | D:2      | Found a radiant altar of Vehumet.
  1394 | D:2      | Found a hazy altar of Hepliaklqana.
  1470 | D:2      | Found a runed translucent door.
  1471 | D:2      | Noticed Crazy Yiuf
  1479 | D:2      | Killed Crazy Yiuf
  1562 | D:2      | Killed Sigmund
  1562 | D:2      | Reached skill level 5 in Maces & Flails
  1562 | D:2      | Reached XP level 5. HP: 26/54 MP: 4/4
  1562 | D:2      | Reached XP level 6. HP: 30/62 MP: 5/5
  1645 | D:3      | Found a stormy altar of Qazlal.
  1984 | D:3      | Found a sacrificial altar of Ru.
  1992 | D:3      | Became a worshipper of Ru the Awakened
  1996 | D:3      | Gained mutation: You are missing a hand. [Ru sacrifice]
  1996 | D:3      | Reached * piety under Ru
  1996 | D:3      | Reached ** piety under Ru
  1996 | D:3      | Reached *** piety under Ru
  2532 | D:4      | Reached skill level 6 in Maces & Flails
  2587 | D:4      | Noticed Eustachio
  2589 | D:4      | Noticed Natasha
  2610 | D:4      | Killed Natasha
  2610 | D:4      | Reached XP level 7. HP: 56/70 MP: 6/6
  2682 | D:4      | Killed Eustachio
  2903 | D:4      | Found a sparkling altar of Nemelex Xobeh.
  3351 | D:5      | Entered Level 5 of the Dungeon
  3379 | D:5      | Found Ichulel's Jewellery Shoppe.
  3418 | D:5      | Reached skill level 7 in Maces & Flails
  3522 | D:5      | HP: 3/71 [poisoned by an orc]
  3522 | D:5      | Killed from afar by an orc priest

Skill      XL: |  1  2  3  4  5  6  7 |
---------------+----------------------+-----
Maces & Flails | 3 4 5 6 7 |  7.3
Fighting       | 3 4 |  4.9
Dodging        | |  2.4
Stealth        | |  1.0

Action                   |  1- 3 |  4- 6 |  7- 9 || total
-------------------------+-------+-------+-------++-------
Melee: Mace              |    80 |   157 |   129 ||   366
Invok: Sacrifice a Hand  |       |     1 |       ||     1
       Draw Out Power    |       |       |     1 ||     1
 Stab: Sleeping          |     3 |     3 |       ||     6
       Invisible         |       |       |     3 ||     3
       Distracted        |       |       |     1 ||     1
  Eat: Chunk             |     4 |    13 |       ||    17
       Ration            |     1 |       |     3 ||     4
Armor: Robe              |    48 |    56 |    56 ||   160
Dodge: Dodged            |    56 |    84 |    65 ||   205
